AoeStats
← 牛油果

Arena

507951523Analyzed
4v4 RM · 11d ago on Sep 20, 2026· 44m 22s· 8 players
Game mode
Random Map
Map size
Large (8 player)
Population
200
Speed
Normal
Resources
Standard
Victory
Conquest
Starting age
Dark Age
Ending age
Imperial Age
RankedLock teamsTeams togetherTeam positionsShared explorationLock speedFull tech treeHidden civsTurbo modeCheats
Victory
Defeat
🇸🇮 Burgundians · Slovenia
1584
+14
🇬🇧 Magyars · United Kingdom
1572
+15
🇱🇻 Sicilians · Latvia
1524
+17
🇫🇮 Vietnamese · Finland
1518
+17
🇭🇰 Gurjaras · Hong Kong SAR China
1615
-18
🇭🇰 Japanese · Hong Kong SAR China
1594
-18
🇭🇰 Italians · Hong Kong SAR China
1502
-14
🇭🇰 Mongols · Hong Kong SAR China
1466
-13
牛油果
11:49 Feudal Age
12:54 Double-Bit Axe
12:52 Horse Collar
15:48 Castle Age
14:15 Gold Mining
16:01 Fletching
16:43 Bow Saw
16:51 Bodkin Arrow
21:16 Padded Archer Armor
23:24 Wheelbarrow
22:34 Loom
22:34 Town Watch
25:28 Thumb Ring
26:43 Hand Cart
27:15 Heavy Plow
29:22 Ballistics
31:42 Squires
31:02 Pikeman
31:53 Scale Mail Armor
32:03 Forging
32:51 Man-at-Arms
evi
10:36 Feudal Age
11:32 Double-Bit Axe
14:35 Castle Age
12:48 Horse Collar
16:09 Bow Saw
20:32 Loom
22:49 Wheelbarrow
23:42 Fletching
23:57 Gold Mining
26:03 Hand Cart
26:00 Bodkin Arrow
30:52 Imperial Age
29:15 Bloodlines
29:06 Husbandry
30:38 Heavy Plow
31:13 Gold Shaft Mining
30:41 Padded Archer Armor
31:15 Elite Mangudai
33:19 Parthian Tactics
33:04 Thumb Ring
34:07 Ballistics
33:48 Bracer
35:44 Chemistry
37:40 Leather Archer Armor
37:34 Scale Barding Armor
37:05 Onager
38:28 Conscription
39:07 Forging
38:49 Stone Mining
Yan
10:30 Feudal Age
10:11 Loom
14:27 Castle Age
12:14 Double-Bit Axe
15:53 Bow Saw
18:11 Sanctity
18:29 Fervor
19:23 Redemption
24:41 Husbandry
24:52 Bloodlines
26:39 Horse Collar
29:48 Scale Barding Armor
30:16 Heavy Plow
32:59 Wheelbarrow
35:34 Chain Barding Armor
35:47 Gold Mining
38:36 Hand Cart
41:51 Imperial Age
40:32 Kshatriyas
43:31 Plate Barding Armor
42:22 Heavy Camel Rider
43:36 Frontier Guards
43:36 Conscription
[Marty]TheEY
9:58 Feudal Age
9:32 Loom
15:52 Castle Age
14:19 Fletching
21:14 Double-Bit Axe
33:47 Wheelbarrow
33:29 Bow Saw
36:34 Horse Collar
39:18 Wheelbarrow
41:04 Ballistics
43:36 Imperial Age
41:32 Bodkin Arrow
42:45 Padded Archer Armor
44:06 Stone Mining
44:06 Gold Mining
44:24 Bracer
45:47 Chemistry
Zuvubii
5:07 Loom
9:02 Feudal Age
9:28 Double-Bit Axe
41:16 Castle Age
39:54 Wheelbarrow
42:17 Bow Saw
41:56 Horse Collar
mazq
10:46 Feudal Age
14:27 Castle Age
12:16 Double-Bit Axe
12:37 Horse Collar
15:31 Bow Saw
15:23 Heavy Plow
15:47 Town Watch
17:48 Loom
23:36 Wheelbarrow
27:34 Imperial Age
25:37 Gold Mining
26:38 Scale Barding Armor
26:55 Hand Cart
27:34 Elite Battle Elephant
28:28 Husbandry
29:23 Chain Barding Armor
29:15 Bloodlines
30:42 Plate Barding Armor
30:42 Forging
30:54 Chatras
32:03 Two-Man Saw
33:28 Iron Casting
33:46 Guard Tower
34:17 Arrowslits
35:10 Crop Rotation
35:13 Coinage
35:05 Town Patrol
36:08 Chemistry
36:35 Banking
37:06 Fletching
37:29 Stone Mining
38:27 Keep
38:21 Bodkin Arrow
39:15 Devotion
40:49 Hoardings
42:32 Treadmill Crane
42:54 Bracer
Aligmaster
9:40 Feudal Age
13:27 Castle Age
12:53 Double-Bit Axe
14:30 Bow Saw
30:17 Bloodlines
31:04 Scale Barding Armor
31:09 Husbandry
33:27 Wheelbarrow
36:13 Fletching
36:24 Padded Archer Armor
37:21 Bodkin Arrow
37:25 Stone Mining
37:25 Gold Mining
37:52 Hand Cart
37:23 Loom
37:23 Town Watch
38:06 Thumb Ring
38:59 Ballistics
40:45 Murder Holes
43:59 Imperial Age
42:44 Leather Archer Armor
43:09 Chain Barding Armor
44:21 Heavy Cavalry Archer
45:26 Parthian Tactics
A spoon full of love
3:00 Double-Bit Axe
7:23 Horse Collar
9:43 Loom
11:31 Feudal Age
13:15 Heavy Plow
15:46 Castle Age
13:45 Gold Mining
14:08 Bow Saw
16:52 Wheelbarrow
20:45 Imperial Age
20:54 Gold Shaft Mining
21:05 Fletching
22:04 Ballistics
22:10 Padded Archer Armor
22:57 Elite Skirmisher
23:59 Bodkin Arrow
26:17 Chemistry
30:36 Bracer
36:21 Hand Cart
37:05 Leather Archer Armor
37:35 Imperial Skirmisher
41:19 Scale Barding Armor
41:24 Forging
42:54 Chain Barding Armor
43:17 Town Watch
43:45 Fortified Wall
44:12 Iron Casting
44:37 Plate Barding Armor
Connection lost

Rejoining the realm…

Still unreachable

The connection could not be restored.

Session expired

The server has moved on; the page needs a fresh start.